 Dungeon Crawl Stone Soup version 0.30.1-3-gfc49f6343a (webtiles) character file.

Game seed: 16987884114557921048

6049 shmup the Arsonist (level 10, -9/60 HPs)
             Began as a Tengu Fire Elementalist on Aug 9, 2023.
             Was a Priest of Vehumet.
             Mangled by a troll (11 damage)
             ... on level 9 of the Dungeon.
             The game lasted 00:40:08 (12298 turns).

shmup the Arsonist (Tengu Fire Elementalist)       Turns: 12298, Time: 00:40:08

Health: -9/60      AC:  4    Str:  8    XL:     10   Next: 87%
Magic:  7/18       EV: 18    Int: 20    God:    Vehumet [***...]
Gold:   423        SH:  0    Dex: 15    Spells: 4/19 levels left

rFire   . . .        b - +6 dagger (venom)
rCold   + + .        (no shield)
rNeg    . . .        I - +2 robe {rC+}
rPois   +            (helmet restricted)
rElec   .            n - scarf {shadows}
rCorr   .            (no gloves)
SInv    .            (boots unavailable)
Will    .....        q - amulet of regeneration
Stlth   ++           S - ring of poison resistance
HPRegen 1.10/turn    o - ring of protection from cold
MPRegen 0.16/turn

%: no passive effects
@: flying quickly and evasively, slowed, very slow
A: beak, talons 3, nimble flight
a: Renounce Religion


You were on level 9 of the Dungeon.
You worshipped Vehumet.
Vehumet was most pleased with you.
You visited 2 branches of the dungeon, and saw 10 of its levels.
You also visited: Sewer.

You collected 423 gold pieces.

Inventory:

Hand Weapons
 b - a +6 dagger of venom (weapon)
 f - a +0 whip
 m - a +1 dagger
 r - the +10 trident "Hell-Harrower" {drain, rF- rC++ Str+5}
   (You found it on level 8 of the Dungeon)

   Str:       It affects your strength (+5).
   rF:        It makes you vulnerable to fire.
   rC:        It greatly protects you from cold.
 t - a +0 flail of protection
 v - a +1 spectral club
 y - a +1 rapier of venom
 B - a +1 short sword of draining
 E - a +2 trident of protection
 O - the +11 glaive "Vufir" {speed, *Slow rN+++ rCorr Str-4}
   (You found it on level 5 of the Dungeon)

   Str:       It affects your strength (-4).
   rN:        It renders you almost immune to negative energy.
   rCorr:     It protects you from acid and corrosion.
   *Slow:     It may slow you when you take damage.
Missiles
 g - 132 stones (quivered)
 i - 3 boomerangs of dispersal
 D - 6 javelins
 M - 6 boomerangs
 P - 3 poisoned darts
Armour
 d - a +2 robe
 n - a scarf of shadows (worn)
 C - the +0 robe of the Moon {Harm rN++ Dex+3}
   (You found it on level 5 of the Dungeon)

   Dex:       It affects your dexterity (+3).
   rN:        It greatly protects you from negative energy.
   Harm:      It increases damage dealt and taken.
 I - a +2 robe of cold resistance (worn)
Magical Staves
 a - a staff of fire
 H - a staff of earth
Jewellery
 e - a ring of resist corrosion
 o - a ring of protection from cold (right hand)
 q - an amulet of regeneration (around neck)
 S - a ring of poison resistance (left hand)
Wands
 h - a wand of quicksilver (16)
 x - a wand of digging (7)
 A - a wand of polymorph (12)
 G - a wand of roots (11)
 L - a wand of charming (11)
 Q - a wand of flame (44)
Scrolls
 l - a scroll of noise
 s - 6 scrolls of teleportation
 F - 2 scrolls of blinking
 J - a scroll of identify
 N - a scroll of fog
Potions
 c - 3 potions of magic
 j - 3 potions of degeneration
 k - a potion of resistance
 p - 2 potions of berserk rage
 u - a potion of haste
 w - 2 potions of flight
 z - a potion of might
 K - 2 potions of curing
 R - 2 potions of ambrosia


   Skills:
 - Level 6.0 Fighting
 - Level 7.0 Dodging
 - Level 2.0 Stealth
 + Level 5.2 Spellcasting
 + Level 9.9 Conjurations
 - Level 3.0 Hexes
 * Level 10.3 Fire Magic


You had 4 spell levels left.
You knew the following spells:

 Your Spells              Type           Power      Damage    Failure   Level
a - Foxfire               Conj/Fire      100%       2x1d9     1%          1
b - Scorch                Fire           92%        2d9       1%          2
c - Inner Flame           Hex/Fire       31%        N/A       1%          3
d - Searing Ray           Conj           90%        2d7       1%          2
e - Stone Arrow           Conj/Erth      50%        3d10      1%          3
w - Flame Wave            Conj/Fire      45%        2d12      1%          4

Your spell library contained the following spells:

 Spells                   Type           Power      Damage    Failure   Level
 Shock                    Conj/Air       100%       1d9       1%          1
 Dazzling Flash           Conj/Hex       62%        N/A       1%          3
 Volatile Blastmotes      Fire/Tloc      50%        2d14      1%          3
 Slow                     Hex            68%        N/A       3%          1
 Iskenderun's Mystic Bla  Conj/Tloc      25%        2d7       4%          4
 Confusing Touch          Hex            17%        N/A       10%         3
 Airstrike                Air            2%         2d(1-17)  28%         4
 Swiftness                Air            5%         N/A       34%         3
 Vampiric Draining        Necr           5%         2d6       34%         3
 Starburst                Conj/Fire      22%        6d8       7%          6


Dungeon Overview and Level Annotations

Branches:
Dungeon (9/15) Zot: 26155  Temple (1/1) D:7 Zot: 5871    Lair (0/5) D:8
  Sewer (visited)
    Orc: D:9-12

Altars:
Ashenzari
Cheibriados
Dithmenos
Elyvilon
Fedhas
Gozag
Hepliaklqana
Kikubaaqudgha
Makhleb
Okawaru
Qazlal
Ru
Sif Muna
Trog
Uskayaw
Vehumet
Wu Jian
Xom
Yredelemnul
Zin
The Shining One

Shops:
D:2 *

Annotations:
D:9 Erica


Innate Abilities, Weirdness & Mutations

You have a beak for a mouth.
You have claws for feet.
Your magical nature lets you fly swiftly and evasively.


Message History

Vehumet accepts your kill.
You feel your power returning.
A troll comes into view.
Items here: $ % ) [.
A warg comes into view.
The orc hits you with a +0 hand axe.
* * * LOW HITPOINT WARNING * * *
The orc closely misses you. The orc barely misses you.
The orc closely misses you. The orc barely misses you.
The troll completely misses you. The troll misses you. The troll claws you!
* * * LOW HITPOINT WARNING * * *
Casting: Scorch (safe; 1% risk of failure)
Confirm with . or Enter, or press ? or * to list all spells.
Casting: Flame Wave (dangerous; 1% risk of failure)
Press: ? - help, Dir - look around, f - activate A wave of flame ripples out!
The flame wave engulfs the troll!
The troll is heavily wounded.
The flame wave engulfs the warg!
The warg is heavily wounded. (Press . to intensify the flame waves.)
You hear a shout!
The warg bites you!
* * * LOW HITPOINT WARNING * * *
The troll misses you. The troll claws you!
* * * LOW HITPOINT WARNING * * *
The troll closely misses you. The warg closely misses you.
A wave of flame ripples out!
The flame wave engulfs the troll!
The troll is heavily wounded.
The flame wave engulfs the warg!!
You kill the warg!
Vehumet accepts your kill.
The flame wave engulfs the orc!
You kill the orc!
Vehumet accepts your kill.
You feel your power returning. The troll completely misses you.
The troll claws you!
* * * LOW HITPOINT WARNING * * *
The troll closely misses you. x3; The troll claws you!
You die...

▒...▒▒....
.....▒
....
▒........
..
▒........
.
▒......▒▒
▒......▒▒.
▒.........
▒.........
▒Q▒....▒
▒T.....▒
▒)......
▒.▒.....
▒.▒.....
▒)▒.....
▒.......
▒▒▒▒▒▒▒▒


You could see a troll.

Vanquished Creatures
  A two-headed ogre (D:4)
  A manticore (D:8)
  Maurice (D:8)
  2 trolls (D:9)
  Grinder (D:4)
  A wyvern (D:7)
  A human (D:9)
  2 steam dragons
  A warg (D:9)
  A water moccasin (Sewer)
  An ice beast (D:6)
  2 sky beasts
  Duvessa (D:4)
  3 orc warriors
  A black bear (D:6)
  2 ogres (D:4)
  2 centaurs (D:8)
  A phantom (D:7)
  5 bullfrogs
  4 scorpions
  3 wights (D:6)
  Dowan (D:4)
  7 killer bees
  2 howler monkeys (D:9)
  2 hounds (D:6)
  11 orc priests
  4 jellies
  Jessica (D:2)
  A sleepcap (D:6)
  Ijyb (D:4)
  Terence (D:3)
  6 iguanas
  9 orc wizards
  11 adders
  A shadow imp (D:7)
  2 white imps
  2 ufetubi (D:5)
  5 worms
  2 dart slugs
  40 orcs
  7 ball pythons
  4 bats
  7 endoplasms
  9 giant cockroaches
  9 goblins
  8 hobgoblins
  2 jackals (Sewer)
  3 quokkas
  2 frilled lizards (D:1)
  6 kobolds
  5 rats
208 creatures vanquished.

Vanquished Creatures (others)
  333 foxfires
333 creatures vanquished.

Grand Total: 541 creatures vanquished

Notes
Turn   | Place    | Note
-------+----------+-------------------------------------------
     0 | D:1      | shmup the Tengu Fire Elementalist began the quest for the
                  | Orb.
     0 | D:1      | Reached XP level 1. HP: 10/10 MP: 4/4
   190 | D:1      | Reached XP level 2. HP: 8/15 MP: 1/6
   413 | D:1      | Learned a level 2 spell: Scorch
   835 | D:2      | Found Motemux's Assorted Antiques.
   857 | D:2      | Noticed Jessica
  1024 | D:2      | Killed Jessica
  1025 | D:2      | Reached skill level 4 in Fire Magic
  1025 | D:2      | Reached XP level 3. HP: 19/19 MP: 2/7
  1272 | D:2      | Reached XP level 4. HP: 24/24 MP: 3/8
  1339 | D:2      | Found a radiant altar of Vehumet.
  1349 | D:2      | Became a worshipper of Vehumet
  2042 | D:3      | Noticed Terence
  2097 | D:3      | Gained mutation: Your magical nature lets you fly swiftly
                  | and evasively. [Tengu growth]
  2097 | D:3      | Reached XP level 5. HP: 25/28 MP: 1/10
  2209 | D:3      | Killed Terence
  2210 | D:3      | Reached skill level 5 in Fire Magic
  2246 | D:3      | Found a faded altar of an unknown god.
  2379 | D:3      | Found a glowing drain.
  2383 | D:3      | Reached * piety under Vehumet
  2383 | D:3      | Offered knowledge of Sandblast by Vehumet.
  2390 | Sewer    | Entered a sewer
  2494 | Sewer    | Noticed a water moccasin
  2711 | Sewer    | Killed a water moccasin
  2712 | Sewer    | Reached XP level 6. HP: 24/32 MP: 4/12
  3655 | D:3      | Identified a scroll of acquirement
  3658 | D:3      | Acquired a staff of fire
  3870 | D:4      | Offered knowledge of Searing Ray by Vehumet.
  3874 | D:4      | Learned a level 2 spell: Searing Ray
  3903 | D:4      | Noticed Grinder
  3975 | D:4      | Killed Grinder
  3976 | D:4      | Reached skill level 1 in Hexes
  3976 | D:4      | Reached skill level 6 in Fire Magic
  3976 | D:4      | Reached XP level 7. HP: 36/36 MP: 10/13
  4018 | D:4      | Noticed Ijyb
  4030 | D:4      | Killed Ijyb
  4031 | D:4      | Reached skill level 5 in Conjurations
  4307 | D:4      | Reached ** piety under Vehumet
  4513 | D:4      | Noticed Duvessa
  4513 | D:4      | Noticed Dowan
  4587 | D:4      | Killed Duvessa
  4588 | D:4      | Reached skill level 7 in Fire Magic
  4839 | D:4      | Found a bloodstained altar of Trog.
  4844 | D:4      | Found an opulent altar of Gozag.
  4853 | D:4      | Found a glowing golden altar of the Shining One.
  4860 | D:4      | Found an ornate altar of the Wu Jian Council.
  4866 | D:4      | Found a sacrificial altar of Ru.
  5150 | D:4      | Killed Dowan
  5386 | D:4      | Learned a level 3 spell: Inner Flame
  5432 | D:4      | Noticed a two-headed ogre
  5460 | D:4      | Reached XP level 8. HP: 41/41 MP: 8/14
  5652 | D:4      | Killed a two-headed ogre
  5653 | D:4      | Reached skill level 8 in Fire Magic
  5796 | D:4      | Learned a level 4 spell: Flame Wave
  6040 | D:5      | Entered Level 5 of the Dungeon
  6057 | D:5      | Reached skill level 1 in Fighting
  6222 | D:5      | Identified the +0 robe of the Moon {Harm rN++ Dex+3}
  6642 | D:5      | Reached XP level 9. HP: 45/48 MP: 8/15
  6804 | D:5      | Identified the +11 glaive "Vufir" {speed, *Slow rN+++ rCorr
                  | Str-4}
  7213 | D:6      | Offered knowledge of Static Discharge by Vehumet.
  7434 | D:6      | Reached skill level 5 in Dodging
  8088 | D:6      | Reached skill level 5 in Fighting
  8651 | D:7      | Reached *** piety under Vehumet
  8818 | D:7      | Reached XP level 10. HP: 60/60 MP: 9/16
  9146 | D:7      | Found a blossoming altar of Fedhas.
  9199 | D:7      | Found a staircase to the Ecumenical Temple.
  9470 | Temple   | Entered the Ecumenical Temple
  9718 | D:8      | Noticed Maurice
  9846 | D:8      | Killed Maurice
 10195 | D:8      | Reached skill level 9 in Fire Magic
 10515 | D:8      | Offered knowledge of Stone Arrow by Vehumet.
 10644 | D:8      | Noticed a manticore
 10807 | D:8      | Killed a manticore
 10908 | D:8      | Identified the +10 trident "Hell-Harrower" {drain, rF- rC++
                  | Str+5}
 10911 | D:8      | Found a staircase to the Lair.
 11197 | D:8      | Learned a level 3 spell: Stone Arrow
 11566 | D:9      | Noticed a two-headed ogre
 11846 | D:9      | Reached skill level 5 in Spellcasting
 11846 | D:9      | Reached skill level 10 in Fire Magic
 12214 | D:9      | Noticed Erica
 12298 | D:9      | HP: 2/60 [troll (8)]
 12298 | D:9      | Mangled by a troll

Illustrated notes

Levels and vault maps discovered:
D:1:      lordsloth_arrival_two_stooges, layout_loops_ring, st_stairs_13
D:2:      layout_rooms, basic_altar, serial_shops,
          nicolae_shop_overgrown_old_shop, grunt_ministairs_5, minmay_circle_x,
          uniq_jessica
D:3:      layout_loops_ring, gup_sewer_entry_bubbles,
          ebering_ecumenical_altar_webs, kennysheep_minor_cross,
          grunt_decor_clamped, uniq_terence
D:4:      minmay_chambers_of_fours, layout_basic,
          nicolae_overflow_hallway_of_the_gods, serial_bayou_ford_a,
          uniq_grinder, uniq_duvessa, uniq_ijyb
D:5:      layout_gridville
D:6:      layout_cave_pods
D:7:      layout_cave_pools, fedhas_altar_1, temple_pool_b,
          minmay_misc_feat_doors, serial_bayou_crossing
D:8:      layout_loops_corners, lair_entry_dummy, uniq_maurice
D:9:      layout_basic, erik_orc_4, uniq_erica
Temple:   nicolae_temple_bog_church

Skill      XL: |  1  2  3  4  5  6  7  8  9 10 |
---------------+-------------------------------+-----
Conjurations   | 2 3 4 5 8 9 |  9.9
Fire Magic     | 4 5 6 7 8 10 | 10.3
Spellcasting   | 3 5 |  5.2
Hexes          | 1 2 3 |  3.0
Fighting       | 1 6 |  6.0
Dodging        | 3 7 |  7.0
Stealth        | |  2.0

Action                     |  1- 3 |  4- 6 |  7- 9 | 10-12 || total
---------------------------+-------+-------+-------+-------++-------
  Melee: Kick              |     1 |    13 |       |     2 ||    16
         Dagger            |     1 |       |       |     5 ||     6
         Club              |       |    45 |       |       ||    45
         Peck              |       |    12 |       |     2 ||    14
         Punch             |       |     1 |       |       ||     1
         Staff             |       |       |       |     1 ||     1
   Cast: Foxfire           |    32 |    29 |    92 |    47 ||   200
         Scorch            |     3 |    43 |    82 |    67 ||   195
         Flame Wave        |       |       |     3 |    12 ||    15
         Searing Ray       |       |       |     2 |     1 ||     3
         Inner Flame       |       |       |       |     2 ||     2
    Use: Scroll            |     5 |    10 |     8 |     5 ||    28
         Potion            |       |     3 |       |     2 ||     5
   Stab: Sleeping          |       |     4 |       |       ||     4
 Armour: Robe              |     1 |    15 |     6 |     7 ||    29
         Skin              |       |       |       |     3 ||     3
  Dodge: Dodged            |    11 |    39 |    38 |    87 ||   175
